Map: Lerilak Crest

Players

Nerchio - Winner!

  • Race: Zerg Zerg
  • League: Grandmaster

MarineLorD

  • Race: Terran Terran
  • League: Platinum

Event: Homestory Cup XII

VOD

Have the link to the VOD?

Description

Time

  • Played on: Dec. 17, 2015, 9:42 a.m.
  • Length: 8:10

All games in this series

Show
View Real Time Build Order
Export as new Build Order

Nerchio Zerg - Winner!

Build Orders: Hatch First 

Get SALT Encoding   

  12  0:00  Drone  
  13  0:12  Overlord  
  13  0:17  Drone  
  14  0:30  Drone x2  
  14  0:34  Drone  
  17  0:51  Hatchery  
  17  0:55  Drone  
  17  0:58  Drone  
  18  1:12  Spawning Pool  
  18  1:15  Drone  
  18  1:19  Drone  
  18  1:23  Extractor  
  18  1:28  Drone  
  19  1:38  Overlord  
  19  1:59  Zergling x2, Queen  
  19  2:00  Zergling x2  
  23  2:03  Zergling x2, Queen  
  26  2:16  Roach Warren  
  26  2:18  Drone  
  26  2:23  Drone x2  
  26  2:28  Drone  
  28  2:37  Spore Crawler  
  27  2:50  Overlord  
  27  2:56  Roach x3  
  27  2:57  Roach  
  35  2:59  Overlord  
  35  3:12  Drone x3  
  38  3:13  Drone  
  38  3:19  Drone  
  37  3:22  Drone  
  37  3:26  Drone  
  39  3:29  Drone  
  39  3:32  Drone  
  40  3:39  Roach  
  42  3:44  Roach  
  42  3:45  Zergling x2  
  42  3:46  Zergling x2  
  46  3:53  Drone  
  47  3:59  Drone x4  
  47  4:00  Drone  
  52  4:04  Overlord  
  52  4:08  Overlord  
  52  4:21  Extractor  
  52  4:22  Lair  
  51  4:28  Drone x7  
  57  4:37  Roach  
  57  4:38  Overlord  
  58  4:43  Drone  
  58  4:44  Drone  
  60  4:47  Queen, Extractor  
  60  4:52  Drone  
  62  4:53  Drone x2  
  64  5:06  Roach x2  
  68  5:10  Roach  
  70  5:14  Overlord  
  70  5:16  Roach  
  70  5:18  Roach  
  70  5:20  Glial Reconstitution  
  70  5:21  Hatchery  
  73  5:25  Roach  
  75  5:29  Overlord x2  
  75  5:40  Roach x4  
  79  5:51  Roach  
  79  5:52  Roach x2  
  79  5:53  Roach x2  
  79  5:55  Roach  
  87  5:59  Roach  
  87  6:01  Roach  
  91  6:06  Roach x2  
  91  6:09  Roach  
  99  6:11  Roach  
  99  6:20  Overlord x2  
  99  6:24  Hatchery, Overlord  
  98  6:34  Roach  
  98  6:39  Roach x6  
  112  6:45  Roach  
  114  6:51  Roach  
  114  7:04  Roach x2  
  114  7:05  Roach  
  114  7:06  Roach x5  
  122  7:26  Roach  
  122  7:29  Roach  
  112  7:30  Roach  
  112  7:31  Roach x2  
  112  7:32  Hatchery, Roach  
  112  7:35  Roach  
  111  7:37  Roach  
  111  7:39  Roach  
  111  7:42  Roach  
  113  7:45  Roach  
  113  7:48  Roach  
  113  7:50  Roach  
Show
View Real Time Build Order
Export as new Build Order

MarineLorD Terran 

Build Orders:  

Get SALT Encoding   

  12  0:00  SCV  
  13  0:13  SCV  
  14  0:17  Supply Depot  
  14  0:25  SCV  
  15  0:31  Refinery  
  15  0:38  SCV  
  16  0:44  Barracks  
  16  0:50  SCV  
  17  1:03  SCV  
  18  1:04  Barracks  
  18  1:15  SCV  
  19  1:21  Barracks  
  19  1:27  SCV  
  19  1:31  Reaper  
  21  1:41  Orbital Command  
  21  1:49  Supply Depot  
  21  1:53  Reaper  
  22  2:02  Refinery  
  22  2:03  Reaper  
  23  2:11  SCV  
  23  2:14  Reaper  
  25  2:23  SCV  
  25  2:29  Reaper  
  27  2:32  Supply Depot  
  27  2:35  SCV  
  28  2:40  Reaper  
  29  2:47  SCV  
  30  2:56  Reaper  
  31  3:00  Command Center  
  31  3:02  SCV  
  32  3:14  SCV  
  32  3:18  Reaper  
  34  3:23  Reaper  
  34  3:26  SCV  
  35  3:30  Reaper  
  35  3:33  Supply Depot  
  36  3:38  SCV  
  37  3:50  SCV, Reaper  
  37  3:55  Reaper  
  39  4:02  Reaper  
  40  4:03  SCV  
  41  4:10  Command Center  
  41  4:11  Orbital Command  
  41  4:15  SCV  
  42  4:22  Reaper  
  43  4:27  SCV, Reaper  
  45  4:34  Reaper  
  44  4:39  SCV  
  44  4:45  Orbital Command  
  45  4:51  SCV  
  46  4:54  Reaper  
  46  4:55  Refinery  
  46  4:56  Bunker  
  46  4:58  Refinery  
  46  4:59  Reaper  
  48  5:03  SCV  
  48  5:06  Reaper  
  50  5:11  SCV  
  51  5:15  SCV  
  52  5:23  SCV  
  52  5:26  Reaper  
  52  5:27  SCV  
  52  5:28  Engineering Bay, Orbital Command  
  55  5:31  Reaper, Engineering Bay  
  55  5:34  Supply Depot  
  55  5:35  SCV  
  57  5:38  Reaper  
  57  5:39  SCV  
  58  5:51  SCV  
  59  5:58  Reaper  
  59  6:00  Terran Infantry Weapons Level 1, Terran Infantry Armor Level 1  
  59  6:02  SCV, Barracks  
  59  6:03  Factory  
  59  6:04  SCV x2  
  63  6:05  Barracks  
  63  6:07  Barracks Tech Lab  
  63  6:15  SCV  
  63  6:16  SCV x2, Barracks Reactor  
  66  6:27  SCV  
  66  6:28  SCV  
  66  6:29  Marauder  
  66  6:30  SCV  
  71  6:38  Barracks Tech Lab  
  71  6:39  SCV  
  71  6:40  SCV  
  71  6:43  SCV  
  70  6:50  Marine  
  70  6:51  SCV, Marauder  
  70  6:52  SCV, Marine x3  
  75  6:55  SCV  
  69  7:04  SCV  
  69  7:07  SCV, Marine, Marauder  
  65  7:12  Marauder  
  58  7:15  Marine  
  58  7:16  SCV, Marine x2  
  58  7:19  SCV  
  61  7:25  Marine  
  61  7:28  SCV, Marauder  
  64  7:31  SCV  
  64  7:33  Marine  
  57  7:40  SCV  
  57  7:42  Marine  
  57  7:43  SCV, Marine x2  
  43  7:47  Marine  
  43  7:49  Marauder  
  39  7:55  SCV  
Tags
 
Add a new tag
Caveats
  • Supply blocks, unpowered buildings, or Contaminate may cause inaccurate times.
  • Supply counts are checked every 10 seconds.